 Dungeon Crawl Stone Soup version 0.28.0-1-gb440e238dd (webtiles) character file.

Game seed: 9920502541073686122

245 RascalDebosk the Firebug (level 5, -1/40 HPs)
             Began as a Draconian Fire Elementalist on Feb 19, 2022.
             Slain by Sigmund (9 damage)
             ... on level 2 of the Dungeon.
             The game lasted 00:30:51 (2509 turns).

RascalDebosk the Firebug (DrFE)                     Turns: 2509, Time: 00:30:52

Health: -1/40      AC:  5    Str: 10    XL:     5   Next: 84%
Magic:  6/9        EV: 12    Int: 17    God:
Gold:   93         SH:  0    Dex: 12    Spells: 4/10 levels left

rFire   . . .      SeeInvis .   a - +2 dagger (speed)
rCold   . . .      Faith    .   (no shield)
rNeg    . . .      Spirit   .   (armour unavailable)
rPois   .          Reflect  .   (helmet restricted)
rElec   .          Harm     .   (no cloak)
rCorr   .          Rampage  .   (no gloves)
Will    .....                   (no boots)
Stlth   ++........              (no amulet)
HPRegen 0.13/turn               e - ring of flight
MPRegen 0.11/turn               (no ring)

@: flying
A: AC +5, unfitting armour, cold-blooded
a: no special abilities


You were on level 2 of the Dungeon.
You visited 1 branch of the dungeon, and saw 4 of its levels.

You collected 93 gold pieces.

Inventory:

Hand Weapons
 a - a +2 dagger of speed (weapon)
Magical Staves
 b - a staff of death
Jewellery
 e - a ring of flight (left hand)
Wands
 g - a wand of polymorph (6)
Scrolls
 f - a scroll of teleportation
 j - a scroll of identify {unknown}
Potions
 c - 3 potions of ambrosia {unknown}
 d - a potion of cancellation {unknown}
 h - a potion of lignification {unknown}
 i - a potion of brilliance {unknown}
 k - a potion of curing {unknown}


   Skills:
 + Level 1.5 Fighting
 + Level 1.3 Short Blades
 + Level 2.4 Dodging
 + Level 2.3 Stealth
 * Level 3.0 Spellcasting
 * Level 2.6 Conjurations
 * Level 1.3 Hexes
 * Level 3.7 Fire Magic


You had 4 spell levels left.
You knew the following spells:

 Your Spells              Type           Power      Damage    Failure   Level
a - Foxfire               Conj/Fire      52%        2x1d6     4%          1
b - Scorch                Fire           30%        2d7       6%          2
c - Inner Flame           Hex/Fire       11%        N/A       19%         3

Your spell library contained the following spells:

 Spells                   Type           Power      Damage    Failure   Level
 Conjure Flame            Conj/Fire      13%        6-21      14%         3
 Sublimation of Blood     Necr           2%         N/A       26%         2
 Flame Wave               Conj/Fire      13%        2d6       43%         4
 Ozocubu's Armour         Ice            2%         N/A       45%         3
 Petrify                  Tmut/Erth      2%         N/A       86%         4
 Irradiate                Conj/Tmut      3%         3d14      96%         5
 Metabolic Englaciation   Hex/Ice        2%         N/A       98%         5
 Simulacrum               Ice/Necr       1%         N/A       100%        6


Dungeon Overview and Level Annotations

Branches:
Dungeon (4/15)
 Temple: D:4-7

Altars:
Nemelex Xobeh

Annotations:
D:2 Sigmund


Innate Abilities, Weirdness & Mutations

Your plain brown scales are hard. (AC +5)
You cannot fit into any form of body armour.
You are cold-blooded and may be slowed by cold attacks.


Message History

Sigmund casts a spell.
Sigmund flickers and vanishes!
Deactivating autopickup; reactivate with Ctrl-A.
The foxfire hits something but does no damage.
The foxfire hits something. x2
You hear some strange, mumbled words.
Something tries to affect you, but you resist.
Something hits you.
You hit something but do no damage. You barely miss something.
Something hits you.
You closely miss something. You miss something. Something hits you.
You completely miss something. You hit something but do no damage.
Something hits you but does no damage.
You completely miss something.
Your tail-slap misses something.
You miss something. You hit something but do no damage.
Something hits you but does no damage.
You hit something.
Your tail-slap misses something.
You hit something but do no damage. Something hits you.
You barely miss something. You barely miss something.
You closely miss something. Something hits you.
You closely miss something. You hit something.
Your tail-slap misses something.
Something hits you!
You closely miss something.
Your tail-slap misses something.
You miss something. You miss something.
Your tail-slap misses something.
Something hits you.
You closely miss something. You barely miss something.
You hear some strange, mumbled words.
A magic dart appears from out of thin air!
The magic dart hits you!
* * * LOW HITPOINT WARNING * * *
You closely miss something. You punch something. You closely miss something.
You hear some strange, mumbled words.
Something tries to affect you, but you resist.
You hit something. You tail-slap something. You barely miss something.
Something hits you!
You die...

#........###.####.
#........# #.####.
#........# #.##...
#...[....# #.##...
#........# #......
#######........#
####...
...............#
#...
...............#
#...
......†@########
#... .......{#
#... ........#
#... ........#
##'# ######### #.#
#.# #.# #.. ###


There were no monsters in sight!

Vanquished Creatures
  A black bear (D:4)
  A necrophage (D:4)
  An ufetubus (D:4)
  An adder zombie (D:3)
  A worm (D:2)
  6 endoplasms
  4 giant cockroaches
  4 goblins
  8 hobgoblins
  8 jackals
  A quokka (D:2)
  4 ball pythons (D:1)
  2 bats (D:2)
  2 frilled lizards
  4 kobolds
  13 rats
61 creatures vanquished.

Vanquished Creatures (others)
  103 foxfires
  2 fungi (D:3)
105 creatures vanquished.

Grand Total: 166 creatures vanquished

Notes
Turn   | Place    | Note
-------+----------+-------------------------------------------
     0 | D:1      | RascalDebosk the Draconian Fire Elementalist began the
                  | quest for the Orb.
     0 | D:1      | Reached XP level 1. HP: 14/14 MP: 3/3
   101 | D:1      | Reached XP level 2. HP: 20/20 MP: 0/5
   104 | D:1      | Learned a level 2 spell: Scorch
   575 | D:1      | Found a faded altar of an unknown god.
   735 | D:2      | Reached XP level 3. HP: 27/27 MP: 4/6
   739 | D:2      | Learned a level 3 spell: Inner Flame
  1435 | D:2      | Identified the +1 plate armour of Dicaen {-Cast rElec Str+3
                  | Dex+5}
  1669 | D:2      | You fall into a shaft and drop 2 floors!
  1807 | D:4      | Noticed a black bear
  1828 | D:4      | Killed a black bear
  1829 | D:4      | Reached skill level 1 in Fighting
  1829 | D:4      | Reached skill level 1 in Short Blades
  1829 | D:4      | Reached skill level 1 in Hexes
  1829 | D:4      | Reached XP level 4. HP: 34/35 MP: 0/8
  1829 | D:4      | Reached XP level 5. HP: 39/40 MP: 0/9
  1971 | D:4      | Found a sparkling altar of Nemelex Xobeh.
  2012 | D:4      | Noticed a necrophage
  2022 | D:4      | Killed a necrophage
  2473 | D:2      | Noticed Sigmund
  2509 | D:2      | Slain by Sigmund

Illustrated notes

Levels and vault maps discovered:
D:1:      dpeg_arrival_ratfight, layout_rooms,
          shapermc_ecumenical_altar_flowoftime, grunt_decor_junction
D:2:      layout_basic, uniq_sigmund
D:3:      layout_loops_ring, ebering_ghost_sewer_f, uniq_crazy_yiuf_cottage
D:4:      layout_loops_ring, nemelex_spade_bored_becter,
          minmay_temple_entry_nine_rooms, serial_rivers,
          chequers_serial_rivers_micro_c, chequers_serial_rivers_small_b,
          chequers_serial_rivers_micro_e, chequers_serial_rivers_micro_a,
          chequers_serial_rivers_micro_c, minmay_unequal

Skill      XL: |  1  2  3  4  5 |
---------------+----------------+-----
Dodging        | 2 |  2.4
Stealth        | 2 |  2.3
Fighting       | 1 |  1.5
Short Blades   | 1 |  1.3
Conjurations   | 2 |  2.6
Hexes          | 1 |  1.3
Spellcasting   | 3 |  3.0
Fire Magic     | |  3.7

Action                   |  1- 3 |  4- 6 || total
-------------------------+-------+-------++-------
Melee: Dagger            |    80 |    47 ||   127
       Tailslap          |     9 |     4 ||    13
       Punch             |     1 |     1 ||     2
 Cast: Foxfire           |    50 |    22 ||    72
       Inner Flame       |     2 |       ||     2
       Scorch            |     1 |     2 ||     3
  Use: Scroll            |     4 |       ||     4
Armor: Skin              |    32 |     5 ||    37
Dodge: Dodged            |    49 |    18 ||    67
